 Dungeon Crawl Stone Soup version 0.31.0-32-g396128a36d (webtiles) character file.

Game seed: 3483559722458980884

155 NotreDorf the Apothecary (level 5, -1/37 HPs)
             Began as a Merfolk Alchemist on Mar 27, 2024.
             Slain by an orc wizard
             ... wielding a +0 dagger
              (4 damage)
             ... on level 4 of the Dungeon.
             The game lasted 00:10:31 (3104 turns).

NotreDorf the Apothecary (Merfolk Alchemist)        Turns: 3104, Time: 00:10:32

Health: -1/37      AC:  3    Str:  7 (8)  XL:     5   Next: 37%
Magic:  9/9        EV: 13    Int: 15 (16) God:
Gold:   208        SH:  0    Dex: 13 (15) Spells: 3/9 levels left

rFire   + . .        o - +0 trident
rCold   . . .        (no shield)
rNeg    . . .        a - +0 robe
rPois   .            (no helmet)
rElec   .            (no cloak)
rCorr   .            i - +0 pair of gloves
SInv    .            (no boots)
Will    .....        (no amulet)
Stlth   ++           q - ring of protection from fire
HPRegen 0.26/turn    (no ring)
MPRegen 0.11/turn

%: no passive effects
@: no status effects
A: (nimble swimmer 2), mertail
a: no special abilities


You were on level 4 of the Dungeon.
You visited 1 branch of the dungeon, and saw 4 of its levels.

You collected 208 gold pieces.

Inventory:

Hand Weapons
 o - a +0 trident (weapon)
Armour
 a - a +0 robe (worn)
 i - a +0 pair of gloves (worn)
Jewellery
 k - a ring of ice
 q - a ring of protection from fire (left hand)
 s - a ring of protection from fire
Scrolls
 c - 3 scrolls of identify
 g - a scroll of teleportation {unknown}
 j - 2 scrolls of torment
 l - a scroll of poison {unknown}
 m - a scroll of noise {unknown}
 n - a scroll of silence {unknown}
 p - a scroll of fog {unknown}
Potions
 b - a potion of magic
 d - a potion of curing {unknown}
 e - a potion of heal wounds {unknown}
 f - 2 potions of degeneration
 h - a potion of attraction {unknown}
 r - a potion of berserk rage {unknown}


   Skills:
 - Level 1.0 Fighting
 + Level 2.4 Polearms
 + Level 4.1 Dodging
 - Level 2.6 Stealth
 + Level 2.9 Spellcasting
 - Level 0.7 Conjurations
 + Level 5.1 Alchemy


You had 3 spell levels left.
You knew the following spells:

 Your Spells              Type           Power      Damage    Failure   Level
a - Sting                 Conj/Alch      44%        1d5       6%          1
b - Mercury Vapours       Alch/Air       18%        N/A       11%         2
c - Mephitic Cloud        Conj/Alch/Air  8%         N/A       26%         3

Your spell library contained the following spells:

 Spells                   Type           Power      Damage    Failure   Level
 Kiss of Death            Conj/Necr      12%        2d6       17%         1
 Confusing Touch          Hex            2%         N/A       52%         3
 Olgreb's Toxic Radiance  Alch           17%        N/A       24%         4
 Sticky Flame             Fire/Alch      9%         2d5       56%         4
 Dispel Undead            Necr           2%         3d7       90%         4


Dungeon Overview and Level Annotations

Branches:
Dungeon (4/15)
 Temple: D:4-7

Altars:
Makhleb

Shops:
D:4 =


Innate Abilities, Weirdness & Mutations

((You are very nimble when in or above water. (Stealth+, EV+, Speed+++)))
Your lower body shifts to a powerful aquatic tail in water.


Message History

You hear some strange, mumbled words.
A magic dart appears from out of thin air!
The magic dart hits you.
You miss something. You punch something. Something barely misses you.
You miss something. Something hits you. x2
A goblin comes into view. It is wielding a +0 club.
The goblin shouts!
You hit something.
You hear a shout! x3; You hear some strange, mumbled words.
A magic dart appears from out of thin air!
The magic dart hits you!
* * * LOW HITPOINT WARNING * * *
You miss something. Something hits you.
* * * LOW HITPOINT WARNING * * *
You closely miss something. You punch something.
An orc comes into view. It is wielding a +0 dagger.
Something completely misses you.
You miss something. Something hits you.
* * * LOW HITPOINT WARNING * * *
An orc comes into view. It is wielding a +0 hand axe.
The orc shouts!
You hit something. Something hits you but does no damage. Something hits you.
* * * LOW HITPOINT WARNING * * *
You hit something but do no damage. Something hits you.
* * * LOW HITPOINT WARNING * * *
An orc priest comes into view. It is wielding a +0 short sword.
The goblin misses you.
You closely miss something. The goblin barely misses you. Something hits you.
* * * LOW HITPOINT WARNING * * *
As you read the scroll labelled JYHISECVYAL, it crumbles to dust.
It is a scroll of identify.
j - 2 scrolls of torment An orc comes into view.
It is wielding a +0 club.
The goblin closely misses you. Something hits you.
* * * LOW HITPOINT WARNING * * *
It was a potion of degeneration.
There was something very wrong with that liquid.
You feel weakened.
You feel dopey.
You feel clumsy. The orc hits you but does no damage. Something hits you.
You die...

#...................# #
#.........###.......###
#############.##......
#..........#.##....###
#..........#.##.......
#..>.......#.##....##.
#.............#....###
#.....................
#....@{....###.#..#..#
#####go#..............
#.##....##.#.##.##
#o#....###.#.# .#
#....#.......# #
#.o..##..##.#.# #...#
#..##.#.. #..o# ...##
... .... .##


You could see an orc priest, 3 orcs and a goblin.

Vanquished Creatures
  A hound (D:4)
  A jelly (D:4)
  3 adders (D:4)
  2 dart slugs
  4 ribbon worms
  2 orcs (D:4)
  6 bats
  8 endoplasms
  3 giant cockroaches
  5 goblins
  3 hobgoblins
  3 quokkas
  5 ball pythons
  7 frilled lizards (D:1)
  A kobold (D:1)
  5 rats
59 creatures vanquished.

Notes
Turn   | Place    | Note
-------+----------+-------------------------------------------
     0 | D:1      | NotreDorf the Merfolk Alchemist began the quest for the
                  | Orb.
     0 | D:1      | Reached XP level 1. HP: 13/13 MP: 3/3
   173 | D:1      | Reached XP level 2. HP: 20/20 MP: 1/5
   574 | D:1      | Reached skill level 1 in Fighting
   854 | D:1      | Reached XP level 3. HP: 26/26 MP: 4/6
   968 | D:1      | Learned a level 2 spell: Mercury Vapours
   972 | D:1      | Learned a level 3 spell: Mephitic Cloud
  1073 | D:2      | Found a burning altar of Makhleb.
  1654 | D:2      | HP: 1/26 [ribbon worm (4)]
  2130 | D:3      | Reached skill level 1 in Polearms
  2729 | D:4      | Found Kail's Jewellery Shoppe.
  2739 | D:4      | Reached XP level 4. HP: 31/32 MP: 3/7
  2971 | D:4      | Reached skill level 5 in Alchemy
  2971 | D:4      | Reached XP level 5. HP: 30/37 MP: 6/9
  3104 | D:4      | Slain by an orc wizard

Illustrated notes

Levels and vault maps discovered:
D:1:      psy_arrival_conway, layout_basic, minmay_lizard_pond
D:2:      layout_basic, basic_altar
D:3:      layout_basic
D:4:      layout_rooms, serial_shops, shop

Skill      XL: |  1  2  3  4 |
---------------+-------------+-----
Dodging        | 3 4 |  4.1
Fighting       | 1 |  1.0
Polearms       | 1 2 |  2.4
Alchemy        | 5 |  5.1
Stealth        | |  2.6
Spellcasting   | |  2.9
Conjurations   | |  0.7

Action                     |  1- 3 |  4- 6 || total
---------------------------+-------+-------++-------
  Melee: Unarmed           |    34 |       ||    34
         Club              |     7 |       ||     7
         Spear             |    44 |       ||    44
         Trident           |     4 |    51 ||    55
         Punch             |       |     2 ||     2
   Cast: Sting             |    55 |    20 ||    75
    Use: Scroll            |       |     1 ||     1
         Potion            |       |     1 ||     1
   Stab: Sleeping          |     2 |       ||     2
 Armour: Robe              |    51 |    31 ||    82
  Dodge: Dodged            |    55 |    36 ||    91
